 Dungeon Sprint DCSS version 0.21-a0-414-gba8bdf1 (webtiles) character file.

68 Kidiri the Insei (level 4, -3/40 HPs)
             Began as a Draconian Transmuter on Nov 2, 2017.
             Killed by nerve-wracking pain
             ... invoked by an orc priest
              (10 damage)
             ... in the Dungeon (Sprint IX: "|||||||||||||||||||||||||||||").
             The game lasted 00:01:02 (159 turns).

Kidiri the Insei (Draconian Transmuter)              Turns: 159, Time: 00:01:02

Health: -3/40      AC:  5    Str: 12    XL:     4   Next: 1%
Magic:  5/9        EV: 13    Int: 14    God:
Gold:   0          SH:  0    Dex: 12    Spells: 9/10 levels left

rFire    . . .     SeeInvis .     - Unarmed
rCold    . . .     Gourm    .   (no shield)
rNeg     . . .     Faith    .   (armour unavailable)
rPois    .         Spirit   .   (helmet restricted)
rElec    .         Reflect  .   (no cloak)
rCorr    .         Harm     .   (no gloves)
MR       .....     NoTele   +   (boots currently unavailable)
Stlth    +.........             (no amulet)
HPRegen  0.13/turn              (no ring)
MPRegen  0.11/turn              (no ring)

@: lethally poisoned (-3 -> -5), appendage, berserk cooldown, slowed, very slow
A: unfitting armour, talons 3, cold-blooded, AC +5
a: End Transformation


You were in the Dungeon.
You were not hungry.
You had grown temporary talons.
You visited 1 branch

Inventory:

Missiles
 a - 12 arrows
Scrolls
 i - a scroll of blinking
Potions
 f - a potion of haste
 g - 2 potions of magic
Books
 b - a book of Changes

   Spells                             Type                      Level
   a - Beastly Appendage              Transmutation                1
   b - Sticks to Snakes               Transmutation                2
   c - Spider Form                    Transmutation/Poison         3
   d - Ice Form                       Ice/Transmutation            4
   e - Blade Hands                    Transmutation                5
Comestibles
 c - a bread ration
 j - a chunk of flesh


   Skills:
 * Level 4.1 Fighting
 * Level 3.7 Dodging
 * Level 4.6 Unarmed Combat
 * Level 3.8 Spellcasting
 + Level 3.1 Transmutations


You had 9 spell levels left.
You knew the following spells:

 Your Spells              Type           Power        Failure   Level  Hunger
a - Beastly Appendage     Tmut           ##....       5%          1    None


Dungeon Overview and Level Annotations

Branches:
Dungeon (1/1)

Altars:


Innate Abilities, Weirdness & Mutations

Your plain brown scales are hard. (AC +5)
You cannot fit into any form of body armour.
You are cold-blooded and may be slowed by cold attacks.
You have claws for feet.


Message History

The orc priest is lightly wounded.
You feel sick. The orc priest barely misses you.
You hit the orc priest but do no damage.
The orc priest is lightly wounded.
The orc priest closely misses you.
You hit the orc priest but do no damage.
You tail-slap the orc priest.
The orc priest is moderately wounded.
You feel sick.
The orc priest hits you with a morningstar!
* * * LOW HITPOINT WARNING * * *
Casting: Beastly Appendage
Confirm with . or Enter, or press ? or * to list all spells.
Your feet morph into talons.
The orc priest closely misses you. The orc priest barely misses you.
You barely miss the orc priest. Your kick misses the orc priest.
The orc priest is moderately wounded.
The orc priest mumbles some strange prayers to Beogh against you.
Pain shoots through your body!
You die...

▓+▓
▓.▓
▓.▓
▓o▓
▓@▓
▓)▓
▓†▓
▓.▓
▓.▓
▓.▓
▓.▓
▓.▓
▓'▓


You could see an orc priest.

Vanquished Creatures
  A jelly (D)
  A worker ant (D)
  An ooze (D)
  A leopard gecko (D)
  2 orcs (D)
  A ball python (D)
  A bat (D)
  A frilled lizard (D)
9 creatures vanquished.

Notes
Turn   | Place    | Note
-------+----------+-------------------------------------------
     0 | D        | Kidiri the Draconian Transmuter began the quest for the Orb.
     0 | D        | Reached XP level 1. HP: 16/16 MP: 3/3
    14 | D        | Reached XP level 2. HP: 14/24 MP: 2/5
   143 | D        | Reached XP level 3. HP: 23/31 MP: 5/7
   153 | D        | Reached XP level 4. HP: 23/40 MP: 5/9
   159 | D        | Killed from afar by an orc priest

Vault maps used:
D:        linesprint

Skill      XL: |  1  2  3 |
---------------+----------+-----
Dodging        | 2 3 |  3.7
Fighting       | 2 3 4 |  4.1
Unarmed Combat | 4 |  4.6
Spellcasting   | 3 |  3.8
Transmutations | 3 |  3.1

Action                   |  1- 3 |  4- 6 || total
-------------------------+-------+-------++-------
Melee: Unarmed           |    28 |     4 ||    32
       Kick              |     4 |       ||     4
       Tailslap          |     1 |     1 ||     2
 Cast: Beastly Appendage |     2 |     1 ||     3
  Use: Potion            |     3 |       ||     3
Armor: Skin              |     7 |       ||     7
Dodge: Dodged            |    12 |     5 ||    17

Table legend:
 A = Spawn XP
 B = Non-spawn XP
 C = Spawn XP percentage of total XP
 D = Spawn monster count
 E = Non-spawn monster count
 F = Spawn count percentage of total count
 G = Total turns spent on level
                    A         B        C        D         E        F      G
               +---------+---------+-------+---------+---------+-------+---------
         Total |       0 |      98 |   0.0 |       0 |       9 |   0.0 |   159
               +---------+---------+-------+---------+---------+-------+---------
             D |       0 |      98 |   0.0 |       0 |       9 |   0.0 |   159
               +---------+---------+-------+---------+---------+-------+---------
